HSSL
BROOKLINE HS WARRIORS @ MARIS SCHOOL
04/17/2026
 
TOP OF THE 1ST
Brookline HS Warriors batting - Pitching for Maris School : LHP Jack Grimes
Pitching: LHP Jack Grimes
Batting: LHB Desmond Huth 0-0: Ground out 1-3 (Groundball, 25)
Batting: RHB Tim Smith 0-0: Fly out, F7 (Flyball, 78M)
Batting: RHB Tom McBride 0-0: Called Strike
0-1: Swinging Strike
0-2: Ball
1-2: Strikes out looking
Top of the 1st over - 0 run(s), 0 hit(s), 0 error(s), 0 left on base; Brookline HS 0 - Maris School 0
BOTTOM OF THE 1ST
Maris School batting - Pitching for Brookline HS Warriors : RHP Patrick Henry
Pitching: RHP Patrick Henry
Batting: RHB Ed Jackson 0-0: Ball
1-0: Foul Ball, location: 2F
1-1: Ball
2-1: Ball
3-1: Foul Ball, location: 2F
3-2: Base on Balls
Batting: RHB Dave McGuire 0-0: Ball
1-0: Ball
Ed Jackson steals 2nd base
2-0: Ground out 6-3 (Groundball, 6)
Ed Jackson to third
Batting: RHB Dan Duckworth 0-0: Called Strike
0-1: TRIPLE (Flyball, 8RM)
Ed Jackson scores
Batting: RHB John Scammell 0-0: Foul Ball, location: 2F
0-1: Called Strike
0-2: Fly out, F6 (Popup, 56D)
Batting: LHB Ryan Martin 0-0: Foul Ball, location: 2F
0-1: Foul Ball, location: 2F
0-2: Ball
1-2: Ball
2-2: SINGLE (Line Drive, 4M)
Dan Duckworth scores
Batting: RHB Bruce Adams 0-0: Called Strike
0-1: Ball
1-1: SINGLE (Line Drive, 9LM)
Ryan Martin to second
Batting: RHB Zane Heath 0-0: Foul Ball, location: 2F
0-1: Foul Ball, location: 2F
0-2: Ball
1-2: Strikes out swinging
Bottom of the 1st over - 2 run(s), 3 hit(s), 0 error(s), 2 left on base; Brookline HS 0 - Maris School 2
TOP OF THE 2ND
Brookline HS Warriors batting - Pitching for Maris School : LHP Jack Grimes
Batting: LHB Jonathan Martin 0-0: Called Strike
0-1: Swinging Strike
0-2: Strikes out swinging
Batting: RHB Paco Cabrera 0-0: Ball
1-0: Ball
2-0: Fly out, F4 (Popup, 4D)
Batting: RHB Francisco Durango 0-0: SOLO HOME RUN (Flyball, 7D), Distance : 415 ft
Batting: SHB Luis Rodríguez 0-0: Called Strike
0-1: Foul Ball, location: 2F
0-2: Foul Ball, location: 2F
0-2: Foul Ball, location: 2F
0-2: Ground out 5-3 (Groundball, 5)
Top of the 2nd over - 1 run(s), 1 hit(s), 0 error(s), 0 left on base; Brookline HS 1 - Maris School 2
BOTTOM OF THE 2ND
Maris School batting - Pitching for Brookline HS Warriors : RHP Patrick Henry
Batting: LHB Dustin Wesman 0-0: Called Strike
0-1: Called Strike
0-2: Ball
1-2: Foul Ball, location: 2F
1-2: Foul Ball, location: 2F
1-2: Strikes out swinging
Batting: RHB Jared Chávez 0-0: Called Strike
0-1: Ball
1-1: Called Strike
1-2: Ball
2-2: Fly out, F7 (Flyball, 7M)
Batting: RHB Ed Jackson 0-0: Ball
1-0: Called Strike
1-1: Ball
2-1: Ball
3-1: Base on Balls
Batting: RHB Dave McGuire 0-0: Ground out 5-3 (Groundball, 5L)
Bottom of the 2nd over - 0 run(s), 0 hit(s), 0 error(s), 1 left on base; Brookline HS 1 - Maris School 2
TOP OF THE 3RD
Brookline HS Warriors batting - Pitching for Maris School : LHP Jack Grimes
Batting: RHB Owen Jenkins 0-0: Ball
1-0: Foul Ball, location: 2F
1-1: SINGLE (Groundball, 6)
Batting: RHB Bob Bishop 0-0: Grounds into double play, 5-4-3 (Groundball, 56)
Batting: LHB Desmond Huth 0-0: Ball
1-0: Foul Ball, location: 2F
1-1: Ground out U3 (Groundball, 3)
Top of the 3rd over - 0 run(s), 1 hit(s), 0 error(s), 0 left on base; Brookline HS 1 - Maris School 2
BOTTOM OF THE 3RD
Maris School batting - Pitching for Brookline HS Warriors : RHP Patrick Henry
Batting: RHB Dan Duckworth 0-0: Swinging Strike
0-1: Ball
1-1: SINGLE (Groundball, 6M) (infield hit)
Batting: RHB John Scammell 0-0: Ball
1-0: Ball
2-0: Ball
3-0: Base on Balls
Dan Duckworth to second
Batting: LHB Ryan Martin 0-0: Foul Ball, location: 2F
0-1: Fly out, F5 (Popup, 5D)
Batting: RHB Bruce Adams 0-0: Ball
1-0: Called Strike
1-1: Ball
2-1: Ball
3-1: Foul Ball, location: 2F
3-2: Foul Ball, location: 2F
3-2: Foul Ball, location: 2F
3-2: Foul Ball, location: 2F
3-2: Base on Balls
Dan Duckworth to third
John Scammell to second
Batting: RHB Zane Heath 0-0: Ball
1-0: Foul Ball, location: 2F
1-1: SINGLE (Flyball, 7S)
Dan Duckworth scores
John Scammell to third
Bruce Adams to second
Batting: LHB Dustin Wesman 0-0: Called Strike
0-1: Ball
1-1: Fly out, F8 (Flyball, 8LM)
Runner from 3rd tags up, SCORES, throw made
Batting: RHB Jared Chávez 0-0: Called Strike
0-1: Swinging Strike
0-2: Foul Ball, location: 2F
0-2: Foul Ball, location: 2F
0-2: Ball
1-2: Ball
2-2: Foul Ball, location: 2F
2-2: Hit by Pitch
Bruce Adams to third
Zane Heath to second
Batting: RHB Ed Jackson 0-0: Foul Ball, location: 2F
0-1: Ball
1-1: Ball
2-1: Fly out, F7 (Flyball, 78M)
Bottom of the 3rd over - 2 run(s), 2 hit(s), 0 error(s), 3 left on base; Brookline HS 1 - Maris School 4
TOP OF THE 4TH
Brookline HS Warriors batting - Pitching for Maris School : LHP Jack Grimes
Batting: RHB Tim Smith 0-0: Called Strike
0-1: Ball
1-1: Ball
2-1: Swinging Strike
2-2: Strikes out swinging
Batting: RHB Tom McBride 0-0: Foul Ball, location: 2F
0-1: Ball
1-1: Ball
2-1: Ball
3-1: SINGLE (Line Drive, 4MD)
Batting: LHB Jonathan Martin 0-0: Ball
1-0: Called Strike
1-1: Ball
2-1: Fly out, F8 (Flyball, 78M)
Batting: RHB Paco Cabrera 0-0: Called Strike
0-1: Ball
1-1: Called Strike
1-2: Strikes out swinging
Top of the 4th over - 0 run(s), 1 hit(s), 0 error(s), 1 left on base; Brookline HS 1 - Maris School 4
BOTTOM OF THE 4TH
Maris School batting - Pitching for Brookline HS Warriors : RHP Patrick Henry
Batting: RHB Dave McGuire 0-0: Called Strike
0-1: Ball
1-1: Called Strike
1-2: Ball
2-2: Strikes out swinging
Pitching: RHP Juan Álvarez
Batting: RHB Dan Duckworth 0-0: Hit by Pitch
Batting: RHB John Scammell 0-0: Called Strike
0-1: Ball
1-1: Fly out, F8 (Flyball, 8RXD)
Batting: LHB Ryan Martin 0-0: Ground out 4-3 (Groundball, 4)
Bottom of the 4th over - 0 run(s), 0 hit(s), 0 error(s), 1 left on base; Brookline HS 1 - Maris School 4
TOP OF THE 5TH
Brookline HS Warriors batting - Pitching for Maris School : LHP Jack Grimes
Batting: RHB Francisco Durango 0-0: Ball
1-0: Ball
2-0: Ball
3-0: Foul Ball, location: 2F
3-1: Foul Ball, location: 2F
3-2: Base on Balls
Batting: SHB Luis Rodríguez 0-0: Ball
1-0: SINGLE (Line Drive, 4MD)
Francisco Durango to second
Batting: RHB Owen Jenkins 0-0: 3-RUN HOME RUN (Flyball, 7LD), Distance : 369 ft
Batting: RHB Bob Bishop 0-0: SINGLE (Line Drive, 89S)
Batting: LHB Desmond Huth 0-0: Ball
1-0: Ball
2-0: Called Strike
2-1: Ball
3-1: Base on Balls
Bob Bishop to second
Batting: RHB Tim Smith 0-0: Ball
1-0: Called Strike
1-1: Called Strike
1-2: Foul Ball, location: 2F
1-2: Foul Ball, location: 2F
1-2: Ball
2-2: Foul Ball, location: 2F
2-2: Strikes out swinging
Batting: RHB Tom McBride 0-0: Ball
1-0: Called Strike
1-1: Ball
2-1: Ball
3-1: Base on Balls
Bob Bishop to third
Desmond Huth to second
Batting: LHB Jonathan Martin 0-0: SINGLE (Line Drive, 4M)
Bob Bishop scores
Desmond Huth to third
Tom McBride to second
Runner from 3rd tries for Home, SAFE, no throw or cutoff
Batting: RHB Paco Cabrera 0-0: Called Strike
0-1: Swinging Strike
0-2: Ball
1-2: Foul Ball, location: 2F
1-2: Ball
2-2: Ball
3-2: Foul Ball, location: 2F
3-2: Foul Ball, location: 2F
3-2: Foul Ball, location: 2F
3-2: Foul Ball, location: 2F
3-2: Strikes out swinging
Pitching: RHP Paul Burns
Batting: RHB Francisco Durango 0-0: Fly out, F5 (Popup, 15S)
Top of the 5th over - 5 run(s), 4 hit(s), 0 error(s), 2 left on base; Brookline HS 6 - Maris School 4
BOTTOM OF THE 5TH
Maris School batting - Pitching for Brookline HS Warriors : RHP Juan Álvarez
Batting: RHB Bruce Adams 0-0: Called Strike
0-1: Called Strike
0-2: Ball
1-2: SINGLE (Line Drive, 34D)
Batting: RHB Zane Heath 0-0: Fly out, F4 (Popup, 4)
Batting: LHB Dustin Wesman 0-0: Called Strike
0-1: Ball
1-1: Called Strike
1-2: Fielders Choice at 2nd, 3-6 (Groundball, 3)
Batting: RHB Jared Chávez 0-0: Fly out, F8 (Flyball, 8RM)
Bottom of the 5th over - 0 run(s), 1 hit(s), 0 error(s), 1 left on base; Brookline HS 6 - Maris School 4
TOP OF THE 6TH
Brookline HS Warriors batting - Pitching for Maris School : RHP Paul Burns
Batting: SHB Luis Rodríguez 0-0: Ball
1-0: Ball
2-0: SINGLE (Line Drive, 6MD)
Batting: RHB Owen Jenkins 0-0: Ball
1-0: Called Strike
1-1: Ball
2-1: Ball
3-1: Grounds into double play, 6-4-3 (Groundball, 6)
Batting: RHB Bob Bishop 0-0: Called Strike
Reached via error on a dropped throw, E3
Batting: LHB Desmond Huth 0-0: Ball
1-0: Foul Ball, location: 2F
1-1: Ball
2-1: Swinging Strike
2-2: Fly out, F4 (Popup, 4M)
Top of the 6th over - 0 run(s), 1 hit(s), 1 error(s), 1 left on base; Brookline HS 6 - Maris School 4
BOTTOM OF THE 6TH
Maris School batting - Pitching for Brookline HS Warriors : RHP Juan Álvarez
Batting: RHB Ed Jackson 0-0: Called Strike
0-1: Foul Ball, location: 2F
0-2: DOUBLE (Line Drive, 8RS)
Batting: RHB Dave McGuire 0-0: Ball
1-0: Ball
2-0: Ball
3-0: Called Strike
3-1: Base on Balls
Batting: RHB Dan Duckworth 0-0: Ball
1-0: Ball
2-0: Called Strike
2-1: Ball
3-1: Foul Ball, location: 2F
3-2: Base on Balls
Ed Jackson to third
Dave McGuire to second
Batting: RHB John Scammell 0-0: Fly out, F7 (Line Drive, 7M)
Runner from 3rd tags up, SCORES, no throw
Batting: LHB Ryan Martin 0-0: Fielders Choice at 2nd, 6-4 (Groundball, 6)
Dave McGuire to third
Batting: RHB Bruce Adams 0-0: Called Strike
0-1: Ball
1-1: Swinging Strike
1-2: Foul Ball, location: 2F
1-2: Strikes out looking
Bottom of the 6th over - 1 run(s), 1 hit(s), 0 error(s), 2 left on base; Brookline HS 6 - Maris School 5
TOP OF THE 7TH
Brookline HS Warriors batting - Pitching for Maris School : RHP Paul Burns
Batting: RHB Tim Smith 0-0: Called Strike
0-1: Ball
1-1: Ball
2-1: SINGLE (Groundball, 56D)
Batting: RHB Tom McBride 0-0: Called Strike
0-1: Ball
1-1: Foul Ball, location: 2F
1-2: Strikes out looking
Batting: LHB Jonathan Martin 0-0: Ball
1-0: Called Strike
1-1: SINGLE (Line Drive, 6MD)
Tim Smith to second
Batting: RHB Paco Cabrera 0-0: Called Strike
0-1: Ball
1-1: Ball
2-1: Swinging Strike
2-2: Ball
3-2: Base on Balls
Tim Smith to third
Jonathan Martin to second
Batting: RHB Francisco Durango 0-0: Ball
1-0: Called Strike
1-1: Foul Ball, location: 2F
1-2: Foul Ball, location: 2F
1-2: Foul Ball, location: 2F
1-2: Strikes out swinging
Pitching: RHP Alonso Dupree
Batting: SHB Luis Rodríguez 0-0: Ball
1-0: Swinging Strike
1-1: Called Strike
1-2: Ball
2-2: Ball
3-2: Foul Ball, location: 2F
Single, Error in OF, E8, batter to second base
Tim Smith scores
Jonathan Martin scores
Paco Cabrera to third
Batting: RHB Owen Jenkins 0-0: Foul Ball, location: 2F
0-1: Ball
1-1: Called Strike
1-2: Strikes out swinging
Top of the 7th over - 2 run(s), 3 hit(s), 1 error(s), 2 left on base; Brookline HS 8 - Maris School 5
BOTTOM OF THE 7TH
Maris School batting - Pitching for Brookline HS Warriors : RHP Juan Álvarez
Pitching: LHP Juan Varela
Batting: RHB Zane Heath 0-0: Ball
1-0: Ball
2-0: Called Strike
2-1: Called Strike
2-2: DOUBLE (Groundball, 5L)
Pinch Runner at 2nd Doug Carter:
Batting: LHB Dustin Wesman 0-0: Called Strike
0-1: Ball
1-1: Ball
2-1: Ball
3-1: Called Strike
3-2: Foul Ball, location: 2F
3-2: DOUBLE (Line Drive, 9LM)
Doug Carter scores
Batting: RHB Jared Chávez 0-0: Foul Ball, location: 2F
0-1: Ground out 4-3 (Groundball, 4M)
Dustin Wesman to third
Batting: RHB Ed Jackson 0-0: Foul Ball, location: 2F
0-1: Ball
1-1: Ball
2-1: Swinging Strike
2-2: Ball
3-2: SINGLE (Line Drive, 9S)
Dustin Wesman scores
Batting: RHB Dave McGuire 0-0: Ball
1-0: Called Strike
1-1: Called Strike
1-2: Strikes out swinging
Batting: RHB Dan Duckworth 0-0: Ball
Ed Jackson steals 2nd base
1-0: Called Strike
1-1: Ball
2-1: Swinging Strike
2-2: Foul Ball, location: 2F
2-2: Ball
3-2: Base on Balls
Batting: RHB John Scammell 0-0: Ball
1-0: Ball
2-0: Ball
3-0: Foul Ball, location: 2F
3-1: Base on Balls
Ed Jackson to third
Dan Duckworth to second
Batting: LHB Ryan Martin 0-0: Called Strike
0-1: SINGLE (Line Drive, 89M)
Ed Jackson scores
Dan Duckworth to third
John Scammell to second
Pitching: RHP Scott Robbins
Batting: RHB Bruce Adams 0-0: Ball
1-0: Ball
2-0: Ball
3-0: Base on Balls
Dan Duckworth scores
John Scammell to third
Ryan Martin to second
Batting: RHB Doug Carter 0-0: Called Strike
0-1: Called Strike
0-2: Ball
1-2: Ball
2-2: Foul Ball, location: 2F
2-2: Ball
3-2: Strikes out swinging
Bottom of the 7th over - 4 run(s), 4 hit(s), 0 error(s), 3 left on base; Brookline HS 8 - Maris School 9
TOP OF THE 8TH
Brookline HS Warriors batting - Pitching for Maris School : RHP Alonso Dupree
Pitching: RHP Don Anderson
Now at C: Doug Carter
Batting: RHB Bob Bishop 0-0: Called Strike
0-1: Fly out, F8 (Flyball, 8RM)
Batting: LHB Desmond Huth 0-0: Called Strike
0-1: Ball
1-1: SOLO HOME RUN (Flyball, 9LD), Distance : 357 ft
Batting: RHB Tim Smith 0-0: Ground out 6-3 (Groundball, 6M)
Batting: RHB Tom McBride 0-0: Called Strike
0-1: Foul Ball, location: 2F
0-2: Strikes out swinging
Top of the 8th over - 1 run(s), 1 hit(s), 0 error(s), 0 left on base; Brookline HS 9 - Maris School 9
BOTTOM OF THE 8TH
Maris School batting - Pitching for Brookline HS Warriors : RHP Scott Robbins
Batting: LHB Dustin Wesman 0-0: Ball
1-0: Swinging Strike
1-1: Called Strike
1-2: Strikes out swinging
Batting: RHB Jared Chávez 0-0: Ball
1-0: Swinging Strike
1-1: Ball
2-1: Fly out, F7 (Line Drive, 7M)
Batting: RHB Ed Jackson 0-0: Ball
1-0: Foul Ball, location: 2F
1-1: Ball
2-1: Fly out, F7 (Flyball, 78M)
Bottom of the 8th over - 0 run(s), 0 hit(s), 0 error(s), 0 left on base; Brookline HS 9 - Maris School 9
TOP OF THE 9TH
Brookline HS Warriors batting - Pitching for Maris School : RHP Don Anderson
Pitching: RHP Ernest Elliott
Batting: LHB Jonathan Martin 0-0: SINGLE (Groundball, 34D)
Batting: RHB Paco Cabrera 0-0: Ball
1-0: Swinging Strike
1-1: Called Strike
1-2: Ball
2-2: Grounds into double play, 6-4-3 (Groundball, 6M)
Batting: RHB Francisco Durango 0-0: Reached on error, E6 (Groundball, 6)
Batting: SHB Luis Rodríguez 0-0: Ball
1-0: Foul Ball, location: 2F
1-1: Ball
2-1: Foul Ball, location: 2F
2-2: Ground out 6-3 (Groundball, 6)
Top of the 9th over - 0 run(s), 1 hit(s), 1 error(s), 1 left on base; Brookline HS 9 - Maris School 9
BOTTOM OF THE 9TH
Maris School batting - Pitching for Brookline HS Warriors : RHP Scott Robbins
Batting: RHB Dave McGuire 0-0: Ball
1-0: Called Strike
1-1: Fly out, F8 (Flyball, 8LM)
Batting: RHB Dan Duckworth 0-0: DOUBLE (Line Drive, 7LM)
Batting: RHB John Scammell 0-0: Called Strike
0-1: Ball
1-1: Ball
2-1: Ball
3-1: Ground out 4-3 (Groundball, 4)
Dan Duckworth to third
Batting: LHB Ryan Martin 0-0: Intentional Walk
Pitching: LHP Neil White
Batting: RHB Bruce Adams 0-0: Ball
1-0: SINGLE (Line Drive, 4D)
Dan Duckworth scores
Monday, December 5th, 2016 - OOTP Baseball 17.12 Build 75